 Dungeon Crawl Stone Soup version 0.29-a0-830-gcb1280458a (webtiles) character file.

Game seed: 12408759440658072171

380 Conn the Sneak (level 6, -3/37 HPs)
             Began as an Octopode Fire Elementalist on July 12, 2022.
             Slain by a gnoll sergeant
             ... wielding a +0 trident of holy wrath
              (13 damage)
             ... on level 6 of the Dungeon.
             The game lasted 00:10:40 (3360 turns).

Conn the Sneak (Octopode Fire Elementalist)         Turns: 3360, Time: 00:10:41

Health: -3/37      AC:  1    Str:  8    XL:     6   Next: 75%
Magic:  11/11      EV: 13    Int: 19    God:
Gold:   117        SH:  0    Dex: 12    Spells: 3/12 levels left

rFire   . . .      SeeInvis .   o - +2 dagger (freeze)
rCold   . . .      Faith    .   (no shield)
rNeg    . . .      Spirit   .   (helmet restricted)
rPois   .          Reflect  .   f - amulet of magic regeneration
rElec   .          Harm     .   (no ring)
rCorr   .          Rampage  .   (no ring)
Will    .....                   (no ring)
Stlth   ++++......              (no ring)
HPRegen 0.12/turn               (no ring)
MPRegen 0.52/turn               (no ring)
                                (no ring)
                                (no ring)

@: brilliant, about to teleport, weak-willed, marked, attractive
A: almost no armour, amphibious, 8 rings, camouflage 1, gelatinous body 1,
(nimble swimmer 1), tentacles
a: no special abilities


You were on level 6 of the Dungeon.
You visited 1 branch of the dungeon, and saw 4 of its levels.

You collected 117 gold pieces.

Inventory:

Hand Weapons
 b - a +0 dagger
 o - a +2 dagger of freezing (weapon)
Missiles
 d - 2 poisoned darts (quivered)
 e - 5 silver javelins
Jewellery
 f - an amulet of magic regeneration (around mantle)
 n - an amulet of guardian spirit
 p - a ring of ice
Scrolls
 h - 2 scrolls of identify {unknown}
 k - a scroll of poison {unknown}
 l - a scroll of magic mapping {unknown}
 s - a scroll of enchant armour {unknown}
Potions
 a - a potion of magic
 c - a potion of brilliance
 j - a potion of curing {unknown}
 q - a potion of attraction


   Skills:
 + Level 0.3 Fighting
 + Level 1.6 Short Blades
 + Level 2.3 Dodging
 + Level 5.7 Stealth
 + Level 3.5 Spellcasting
 + Level 2.2 Conjurations
 + Level 4.2 Fire Magic


You had 3 spell levels left.
You knew the following spells:

 Your Spells              Type           Power      Damage    Failure   Level
a - Foxfire               Conj/Fire      92%        2x1d8     3%          1
b - Conjure Flame         Conj/Fire      23%        6-21      12%         3
c - Inner Flame           Hex/Fire       17%        N/A       19%         3
e - Scorch                Fire           58%        2d7       3%          2

Your spell library contained the following spells:

 Spells                   Type           Power      Damage    Failure   Level
 Magic Dart               Conj           68%        1d6       6%          1
 Searing Ray              Conj           34%        2d5       9%          2
 Beastly Appendage        Tmut           10%        N/A       14%         1
 Wereblood                Tmut           5%         N/A       22%         2
 Spider Form              Tmut/Pois      5%         N/A       41%         3
 Flame Wave               Conj/Fire      23%        2d7       36%         4
 Fulminant Prism          Conj/Hex       5%         3d7       65%         4
 Summon Ice Beast         Ice/Summ       5%         N/A       82%         4
 Summon Mana Viper        Hex/Summ       5%         N/A       99%         5
 Monstrous Menagerie      Summ           2%         N/A       100%        7


Dungeon Overview and Level Annotations

Branches:
Dungeon (3/15)

Altars:


Innate Abilities, Weirdness & Mutations

You cannot wear most types of armour.
You are amphibious.
You can wear up to eight rings at the same time.
Your skin changes colour to match your surroundings (Stealth+).
Your rubbery body absorbs attacks. (AC +1, EV +1)
((You are camouflaged when in or above water. (Stealth+)))
You have tentacles for arms and can constrict up to eight enemies at once.


Message History

The gnoll sergeant struggles against the net.
The gnoll completely misses you.
Throw: boomerang (disperse)
Press: ? - help, Q - select action, (/) - cycle Shift-Dir - straight line, f - orc, p - gnoll sergeant
Aim: an orc, wielding a +0 short sword (56% to hit)
You throw a boomerang of dispersal.
The boomerang of dispersal closely misses the gnoll.
The boomerang of dispersal hits the gnoll sergeant but does no damage.
The gnoll sergeant struggles against the net.
A hound comes into view.
The gnoll closely misses you.
A gnoll comes into view. It is wielding a +0 spear.
The gnoll sergeant struggles against the net.
Casting: Conjure Flame (dangerous; 12% risk of failure)
Confirm with . or Enter, or press ? or * to list all spells.
Okay, then.
Okay, then.
Okay, then.
As you read the scroll labelled QOIWNENGEM, it crumbles to dust.
Magic quickly surges around you.
It was a scroll of vulnerability.
A sky beast comes into view.
The gnoll hits you with a +3 spear. The gnoll closely misses you.
The gnoll sergeant struggles against the net.
As you read the scroll labelled USELEYD HIPHOS, it crumbles to dust.
You feel strangely unstable.
It was a scroll of teleportation.
The gnoll sergeant struggles against the net.
The net rips apart, and the gnoll sergeant comes free!
An ice beast comes into view.
An ogre comes into view. It is wielding a +0 giant club.
A gnoll comes into view. It is wielding a +0 flail.
The gnoll closely misses you. The gnoll hits you with a +3 spear!
It was a potion of brilliance.
You feel clever all of a sudden. The gnoll sergeant closely misses you.
The gnoll closely misses you. The gnoll hits you with a +3 spear.
* * * LOW HITPOINT WARNING * * *
It was a potion of attraction.
You feel attractive to monsters.
The gnoll sergeant hits you from afar with a +0 trident of holy wrath!
You die...

######################
.......YY.zzz§@gg.....
.......O###z###go.####
........# #.# gh.#
........# #.# .g.#
######### #.# g..# #.#
.... #+# ...## ...#


You could see an ice beast, a sky beast, an ogre, a gnoll sergeant
(weak-willed), a hound (weak-willed), 4 wights, 5 gnolls and an orc
(weak-willed).

Vanquished Creatures
  An ogre (D:3)
  A scorpion (D:6)
  A hound (D:6)
  An orc wizard (D:3)
  4 gnolls
  4 adders (D:2)
  2 worms
  3 dart slugs
  5 orcs (D:3)
  8 endoplasms
  10 giant cockroaches
  7 goblins
  6 hobgoblins
  6 jackals
  2 kobolds
  A quokka (D:3)
  5 ball pythons
  3 bats
  6 frilled lizards
  8 rats
84 creatures vanquished.

Vanquished Creatures (others)
  174 foxfires
174 creatures vanquished.

Grand Total: 258 creatures vanquished

Notes
Turn   | Place    | Note
-------+----------+-------------------------------------------
     0 | D:1      | Conn the Octopode Fire Elementalist began the quest for the
                  | Orb.
     0 | D:1      | Reached XP level 1. HP: 11/11 MP: 3/3
   403 | D:1      | Reached XP level 2. HP: 17/17 MP: 0/5
   515 | D:1      | Reached skill level 3 in Stealth
   554 | D:1      | Reached XP level 3. HP: 21/21 MP: 6/6
   572 | D:1      | Reached skill level 1 in Short Blades
  1469 | D:2      | Reached XP level 4. HP: 27/27 MP: 4/7
  1476 | D:2      | Reached skill level 4 in Stealth
  2279 | D:2      | Reached XP level 5. HP: 31/31 MP: 9/9
  2825 | D:3      | Learned a level 2 spell: Scorch
  2829 | D:3      | Learned a level 3 spell: Conjure Flame
  2833 | D:3      | Learned a level 3 spell: Inner Flame
  2842 | D:3      | Noticed an ogre
  2847 | D:3      | Killed an ogre
  2848 | D:3      | Reached skill level 5 in Stealth
  2848 | D:3      | Reached XP level 6. HP: 36/36 MP: 6/10
  3324 | D:3      | You fall into a shaft and drop 3 floors!
  3357 | D:6      | Noticed a sky beast
  3358 | D:6      | Noticed an ice beast
  3360 | D:6      | Slain by a gnoll sergeant

Illustrated notes

Levels and vault maps discovered:
D:1:      dpeg_arrival_rooms_b, layout_basic, minmay_pentomino_w2
D:2:      layout_loops_cross, grunt_ministairs_4, minmay_worlds_worst_comb
D:3:      layout_loops_cross
D:6:      layout_basic, temple_hall, uniq_crazy_yiuf_cottage, uniq_pikel

Skill      XL: |  1  2  3  4  5 |
---------------+----------------+-----
Stealth        | 3 4 5 |  5.7
Short Blades   | 1 |  1.6
Spellcasting   | 3 |  3.5
Conjurations   | 2 |  2.2
Fire Magic     | 4 |  4.2
Fighting       | |  0.3
Dodging        | |  2.3

Action                   |  1- 3 |  4- 6 || total
-------------------------+-------+-------++-------
Melee: Unarmed           |     5 |       ||     5
       Dagger            |    18 |    56 ||    74
       Constrict         |     3 |    14 ||    17
       Tentacles         |     4 |     8 ||    12
Throw: Throwing net      |       |     1 ||     1
       Boomerang         |       |     1 ||     1
 Cast: Foxfire           |    39 |    67 ||   106
       Scorch            |       |     3 ||     3
       Conjure Flame     |       |     1 ||     1
  Use: Scroll            |       |     2 ||     2
       Potion            |       |     2 ||     2
 Stab: Sleeping          |     5 |    17 ||    22
Armor: Skin              |     1 |     4 ||     5
Dodge: Dodged            |     8 |    45 ||    53

Table legend: (Time is in decaauts)
 A = Elapsed time spent in this place.
 B = Non-inter-level travel time spent in this place.
 C = Inter-level travel time spent in this place.
 D = Time resting spent in this place.
 E = Time spent auto-exploring this place.
 F = Levels seen in this place.
 G = Mean time per level.
                   A        B        C        D        E       F      G
               +--------+--------+--------+--------+--------+-----+--------+
         Total |   3354 |   3288 |     66 |      0 |   2570 |   4 |  838.5 |
       Dungeon |   3354 |   3288 |     66 |      0 |   2570 |   4 |  838.5 |
               +--------+--------+--------+--------+--------+-----+--------+

Top non-repeatable levels by time:
     D:1: 1389 daAuts
     D:2: 1281 daAuts
     D:3: 648 daAuts
     D:6: 35 daAuts
